TOP OF THE 1ST |
Bismarck Barons batting - Pitching for Riverside Red Bulls : RHP Máximo Salazar
|
Pitching: RHP Máximo Salazar
|
|
Batting: RHB Pancho Torres
|
0-0: Ball 1-0: Ball 2-0: Called Strike 2-1: Foul Ball, location: 2F 2-2: Fly out, F5 (Popup, 5L)
|
Batting: RHB Mark Roy
|
0-0: Ball 1-0: Ball 2-0: Called Strike 2-1: Ball 3-1: Foul Ball, location: 2F 3-2: Base on Balls
|
Batting: LHB Jesús Bueno
|
0-0: Ball 1-0: Ball 2-0: Ball 3-0: Called Strike 3-1: Base on Balls Mark Roy to second
|
Batting: RHB Dave Anderson
|
0-0: Ball 1-0: Swinging Strike 1-1: Ball 2-1: Called Strike 2-2: Ball 3-2: Base on Balls Mark Roy to third Jesús Bueno to second
|
Batting: RHB Félix Trevino
|
0-0: Ball 1-0: Foul Ball, location: 2F 1-1: Foul Ball, location: 2F 1-2: Ball 2-2: Foul Ball, location: 2F 2-2: Foul Ball, location: 2F 2-2: Ball 3-2: Foul Ball, location: 2F 3-2: Strikes out swinging
|
Batting: RHB Tomás Rivera
|
0-0: Ball 1-0: Ball 2-0: Called Strike 2-1: Swinging Strike 2-2: Foul Ball, location: 2F 2-2: Strikes out swinging
|
Top of the 1st over - 0 run(s), 0 hit(s), 0 error(s), 3 left on base; Bismarck 0 - Riverside 0 |
BOTTOM OF THE 1ST |
Riverside Red Bulls batting - Pitching for Bismarck Barons : RHP Robinson Alomar
|
Pitching: RHP Robinson Alomar
|
|
Batting: SHB Enrique Uribe
|
0-0: Ball 1-0: Foul Ball, location: 2F 1-1: Swinging Strike 1-2: Ball 2-2: Foul Ball, location: 2F 2-2: Strikes out swinging
|
Batting: RHB Glenn Broadwater
|
0-0: Ball 1-0: Ball 2-0: Ball 3-0: Base on Balls
|
Batting: RHB Brandon Pope
|
0-0: Ball 1-0: Foul Ball, location: 2F 1-1: Ball 2-1: Ball 3-1: Base on Balls Glenn Broadwater to second
|
Batting: SHB Richard Griffin
|
0-0: Ball 1-0: Foul Ball, location: 2F 1-1: Ball 2-1: Foul Ball, location: 2F 2-2: Ball 3-2: Base on Balls Glenn Broadwater to third Brandon Pope to second
|
Batting: RHB Patrick Daniels
|
0-0: Ball 1-0: Called Strike 1-1: Ball 2-1: Called Strike 2-2: Strikes out swinging
|
Batting: RHB Robert Stevens
|
0-0: Swinging Strike 0-1: Reached on error, E6 (Groundball, 6) Glenn Broadwater scores Brandon Pope to third Richard Griffin to second
|
Batting: RHB Adam Davis
|
0-0: Swinging Strike 0-1: Ball 1-1: Swinging Strike 1-2: Foul Ball, location: 2F 1-2: Strikes out swinging
|
Bottom of the 1st over - 1 run(s), 0 hit(s), 1 error(s), 3 left on base; Bismarck 0 - Riverside 1 |
TOP OF THE 2ND |
Bismarck Barons batting - Pitching for Riverside Red Bulls : RHP Máximo Salazar
|
Batting: LHB Jorge Fernández
|
0-0: Ball 1-0: Foul Ball, location: 2F 1-1: Foul Ball, location: 2F 1-2: Strikes out swinging
|
Batting: RHB José Ruíz
|
0-0: Ground out 4-3 (Groundball, 4)
|
Batting: RHB Xie-li Fong
|
0-0: Ground out 5-3 (Groundball, 56)
|
Top of the 2nd over - 0 run(s), 0 hit(s), 0 error(s), 0 left on base; Bismarck 0 - Riverside 1 |
BOTTOM OF THE 2ND |
Riverside Red Bulls batting - Pitching for Bismarck Barons : RHP Robinson Alomar
|
Batting: RHB Gilberto Tovar
|
0-0: Swinging Strike 0-1: Called Strike 0-2: Ball 1-2: Ball 2-2: Ball 3-2: Foul Ball, location: 2F 3-2: Base on Balls
|
Batting: RHB Luis Flores
|
0-0: Swinging Strike Pickoff Throw to First - Out! 0-1: Ball 1-1: Foul Ball, location: 2F 1-2: Ground out U3 (Groundball, 34)
|
Batting: SHB Enrique Uribe
|
0-0: Called Strike 0-1: Ball 1-1: Ground out U3 (Groundball, 34)
|
Bottom of the 2nd over - 0 run(s), 0 hit(s), 0 error(s), 0 left on base; Bismarck 0 - Riverside 1 |
TOP OF THE 3RD |
Bismarck Barons batting - Pitching for Riverside Red Bulls : RHP Máximo Salazar
|
Batting: RHB Pancho Torres
|
0-0: Ball 1-0: Swinging Strike 1-1: Ground out 3-1 (Groundball, 34)
|
Batting: RHB Mark Roy
|
0-0: Called Strike 0-1: Ball 1-1: Ball 2-1: Called Strike 2-2: Strikes out swinging
|
Batting: LHB Jesús Bueno
|
0-0: SINGLE (Groundball, 6S) (infield hit)
|
Batting: RHB Dave Anderson
|
0-0: Ball 1-0: Ground out 2-3 (Groundball, 15S)
|
Top of the 3rd over - 0 run(s), 1 hit(s), 0 error(s), 1 left on base; Bismarck 0 - Riverside 1 |
BOTTOM OF THE 3RD |
Riverside Red Bulls batting - Pitching for Bismarck Barons : RHP Robinson Alomar
|
Batting: RHB Glenn Broadwater
|
0-0: Ball 1-0: Ball 2-0: Ball 3-0: Base on Balls
|
Batting: RHB Brandon Pope
|
0-0: Ball 1-0: SINGLE (Groundball, 34D) Glenn Broadwater to second Runner from 2nd tries for 3rd, SAFE, throw made to third
|
Batting: SHB Richard Griffin
|
0-0: Called Strike 0-1: Foul Ball, location: 2F 0-2: Ball 1-2: Foul Ball, location: 2F 1-2: Fly out, F7 (Line Drive, 7) Runner from 3rd tags up, SCORES, throw made
|
Batting: RHB Patrick Daniels
|
0-0: Ball Balk! Brandon Pope to second 1-0: Ball 2-0: Ground out 5-3 (Groundball, 56)
|
Batting: RHB Robert Stevens
|
0-0: Foul Ball, location: 2F 0-1: Ball 1-1: Swinging Strike 1-2: Strikes out looking
|
Bottom of the 3rd over - 1 run(s), 1 hit(s), 0 error(s), 1 left on base; Bismarck 0 - Riverside 2 |
TOP OF THE 4TH |
Bismarck Barons batting - Pitching for Riverside Red Bulls : RHP Máximo Salazar
|
Batting: RHB Félix Trevino
|
0-0: Swinging Strike 0-1: Swinging Strike 0-2: Strikes out swinging
|
Batting: RHB Tomás Rivera
|
0-0: Ball 1-0: Foul Ball, location: 2F 1-1: Swinging Strike 1-2: Ball 2-2: Ground out 6-3 (Groundball, 6)
|
Batting: LHB Jorge Fernández
|
0-0: Ball 1-0: Called Strike 1-1: Ball 2-1: Called Strike 2-2: Foul Ball, location: 2F 2-2: Ball 3-2: Base on Balls
|
Batting: RHB José Ruíz
|
0-0: Ball 1-0: Foul Ball, location: 2F 1-1: Foul Ball, location: 2F 1-2: Ball 2-2: Ball 3-2: Base on Balls Jorge Fernández to second
|
Batting: RHB Xie-li Fong
|
0-0: Ball 1-0: Called Strike 1-1: Swinging Strike 1-2: Strikes out looking
|
Top of the 4th over - 0 run(s), 0 hit(s), 0 error(s), 2 left on base; Bismarck 0 - Riverside 2 |
BOTTOM OF THE 4TH |
Riverside Red Bulls batting - Pitching for Bismarck Barons : RHP Robinson Alomar
|
Batting: RHB Adam Davis
|
0-0: Called Strike 0-1: Foul Ball, location: 2F 0-2: Ball 1-2: Strikes out looking
|
Batting: RHB Gilberto Tovar
|
0-0: Called Strike 0-1: Ground out 4-3 (Groundball, 4M)
|
Batting: RHB Luis Flores
|
0-0: Ball 1-0: Ball 2-0: Ball 3-0: Called Strike 3-1: Fly out, F9 (Flyball, 9S)
|
Bottom of the 4th over - 0 run(s), 0 hit(s), 0 error(s), 0 left on base; Bismarck 0 - Riverside 2 |
TOP OF THE 5TH |
Bismarck Barons batting - Pitching for Riverside Red Bulls : RHP Máximo Salazar
|
Batting: RHB Pancho Torres
|
0-0: DOUBLE (Groundball, 5L)
|
Batting: RHB Mark Roy
|
0-0: Ball 1-0: Ball 2-0: Ball 3-0: Base on Balls
|
Batting: LHB Jesús Bueno
|
0-0: Ball 1-0: SINGLE (Groundball, 34D) Pancho Torres to third Mark Roy to second Runner from 3rd tries for Home, SAFE, no throw
|
Batting: RHB Dave Anderson
|
0-0: Ball 1-0: Called Strike 1-1: Called Strike 1-2: Strikes out swinging
|
Batting: RHB Félix Trevino
|
0-0: Ball 1-0: Ball 2-0: DOUBLE (Line Drive, 7LM) Mark Roy scores Jesús Bueno to third
|
Batting: RHB Tomás Rivera
|
0-0: Called Strike 0-1: Called Strike 0-2: Ball 1-2: Ball 2-2: Fly out, F8 (Flyball, 8LS)
|
Pitching: RHP Gustavo Castillo
|
|
Batting: LHB Jorge Fernández
|
0-0: Ball 1-0: Called Strike 1-1: Foul Ball, location: 2F 1-2: Fly out, F9 (Flyball, 9LM)
|
Top of the 5th over - 2 run(s), 3 hit(s), 0 error(s), 2 left on base; Bismarck 2 - Riverside 2 |
BOTTOM OF THE 5TH |
Riverside Red Bulls batting - Pitching for Bismarck Barons : RHP Robinson Alomar
|
Batting: SHB Enrique Uribe
|
0-0: Foul Ball, location: 2F 0-1: Ground out 5-3 (Groundball, 5S)
|
Batting: RHB Glenn Broadwater
|
0-0: Swinging Strike 0-1: DOUBLE (Groundball, 5L)
|
Batting: RHB Brandon Pope
|
0-0: Fly out, F9 (Flyball, 89D) Runner from 2nd tags up, SAFE at 3rd, no throw
|
Batting: SHB Richard Griffin
|
0-0: Ball 1-0: Called Strike 1-1: Swinging Strike 1-2: Foul Ball, location: 2F 1-2: Ball 2-2: Ball 3-2: Base on Balls
|
Pitching: RHP Edgar Villa
|
|
Batting: RHB Patrick Daniels
|
0-0: Ball 1-0: Foul Ball, location: 2F 1-1: Swinging Strike 1-2: Ball 2-2: Ball 3-2: Foul Ball, location: 2F 3-2: Strikes out swinging
|
Bottom of the 5th over - 0 run(s), 1 hit(s), 0 error(s), 2 left on base; Bismarck 2 - Riverside 2 |
TOP OF THE 6TH |
Bismarck Barons batting - Pitching for Riverside Red Bulls : RHP Gustavo Castillo
|
Batting: RHB José Ruíz
|
0-0: Ball 1-0: Ball 2-0: Foul Ball, location: 2F 2-1: Ball 3-1: Bunted foul 3-2: Foul Ball, location: 2F 3-2: SINGLE (Flyball, 7LS)
|
Batting: RHB Xie-li Fong
|
0-0: Ball 1-0: Fly out, F7 (Flyball, 7)
|
Batting: RHB Pancho Torres
|
0-0: Called Strike 0-1: Ball 1-1: Foul Ball, location: 2F 1-2: Ball 2-2: Strikes out swinging
|
Batting: RHB Mark Roy
|
0-0: Ball 1-0: Called Strike 1-1: Swinging Strike 1-2: Strikes out swinging
|
Top of the 6th over - 0 run(s), 1 hit(s), 0 error(s), 1 left on base; Bismarck 2 - Riverside 2 |
BOTTOM OF THE 6TH |
Riverside Red Bulls batting - Pitching for Bismarck Barons : RHP Edgar Villa
|
Batting: RHB Robert Stevens
|
0-0: SINGLE (Line Drive, 6MD)
|
Batting: RHB Adam Davis
|
0-0: Ball 1-0: Fly out, F8 (Flyball, 8RM)
|
Batting: RHB Gilberto Tovar
|
0-0: Ball 1-0: Ball 2-0: Fly out, F8 (Flyball, 8RD)
|
Batting: RHB Luis Flores
|
0-0: Ball 1-0: Ball 2-0: Ball 3-0: Called Strike 3-1: SINGLE (Groundball, 34D) Robert Stevens to second Runner from 2nd tries for 3rd, SAFE, throw made to third
|
Batting: SHB Enrique Uribe
|
0-0: Ball 1-0: Ball 2-0: Called Strike 2-1: Fly out, F4 (Popup, 4D)
|
Bottom of the 6th over - 0 run(s), 2 hit(s), 0 error(s), 2 left on base; Bismarck 2 - Riverside 2 |
TOP OF THE 7TH |
Bismarck Barons batting - Pitching for Riverside Red Bulls : RHP Gustavo Castillo
|
Batting: LHB Jesús Bueno
|
0-0: Ground out 6-3 (Groundball, 6)
|
Pinch Hitting: RHB Jason Stover
|
0-0: Foul Ball, location: 2F 0-1: Ball 1-1: Ball 2-1: Ball 3-1: Base on Balls
|
Batting: RHB Félix Trevino
|
0-0: Called Strike 0-1: Ball 1-1: Swinging Strike 1-2: Hit by Pitch Jason Stover to second
|
Pinch Hitting: RHB Juan Castillo
|
0-0: Ball 1-0: Swinging Strike 1-1: Fielders Choice at 2nd, 1-6 (Groundball, 13) Jason Stover to third
|
Batting: LHB Jorge Fernández
|
0-0: Ball 1-0: Ball 2-0: Fly out, F8 (Flyball, 8RD)
|
Top of the 7th over - 0 run(s), 0 hit(s), 0 error(s), 2 left on base; Bismarck 2 - Riverside 2 |
BOTTOM OF THE 7TH |
Riverside Red Bulls batting - Pitching for Bismarck Barons : RHP Edgar Villa
|
Now in LF: Juan Castillo
|
|
Now in RF: Jason Stover
|
|
Batting: RHB Glenn Broadwater
|
0-0: Called Strike 0-1: Swinging Strike 0-2: Reached on error, E6 (Groundball, 6)
|
Batting: RHB Brandon Pope
|
0-0: Called Strike 0-1: Foul Ball, location: 2F 0-2: Foul Ball, location: 2F 0-2: Strikes out swinging
|
Batting: SHB Richard Griffin
|
0-0: Called Strike 0-1: Ball 1-1: Ball 2-1: Ball 3-1: Swinging Strike 3-2: Foul Ball, location: 2F 3-2: Base on Balls Glenn Broadwater to second
|
Batting: RHB Patrick Daniels
|
0-0: Swinging Strike 0-1: Ball 1-1: Ball 2-1: Called Strike 2-2: Ball 3-2: Foul Ball, location: 2F 3-2: Base on Balls Glenn Broadwater to third Richard Griffin to second
|
Batting: RHB Robert Stevens
|
0-0: Foul Ball, location: 2F 0-1: Ball 1-1: Foul Ball, location: 2F 1-2: Strikes out swinging
|
Pinch Hitting: RHB Luis Bustamante
|
0-0: Foul Ball, location: 2F 0-1: Foul Ball, location: 2F 0-2: Foul Ball, location: 2F 0-2: Ball 1-2: Ball 2-2: Ball 3-2: Strikes out swinging
|
Bottom of the 7th over - 0 run(s), 0 hit(s), 1 error(s), 3 left on base; Bismarck 2 - Riverside 2 |
TOP OF THE 8TH |
Bismarck Barons batting - Pitching for Riverside Red Bulls : RHP Gustavo Castillo
|
Now in RF: William Wolf
|
|
Pinch Hitting: SHB José Gonzáles
|
0-0: Ball 1-0: Foul Ball, location: 2F 1-1: Foul Ball, location: 2F 1-2: Fly out, F8 (Flyball, 8LS)
|
Pinch Hitting: RHB Fernando Castellanos
|
0-0: Foul Ball, location: 2F 0-1: Fly out, F8 (Flyball, 8RM)
|
Pinch Hitting: LHB Miguel Arteaga
|
0-0: Foul Ball, location: 2F 0-1: Ball 1-1: Called Strike 1-2: Foul Ball, location: 2F 1-2: Ball 2-2: Ball 3-2: Base on Balls
|
Pinch Hitting: RHB Eric Black
|
0-0: Ball 1-0: Ball 2-0: Foul Ball, location: 2F 2-1: Fly out, F3 (Popup, 3)
|
Top of the 8th over - 0 run(s), 0 hit(s), 0 error(s), 1 left on base; Bismarck 2 - Riverside 2 |
TOP OF THE 9TH |
Bismarck Barons batting - Pitching for Riverside Red Bulls : RHP Gustavo Castillo
|
Pitching: RHP Ricardo López
|
|
Now at SS: Lakota O'Reilly
|
|
Batting: LHB Jesús Bueno
|
0-0: Foul Ball, location: 2F 0-1: Ball 1-1: Ground out 1-3 (Groundball, 13S)
|
Batting: RHB Jason Stover
|
0-0: Foul Ball, location: 2F 0-1: Fly out, F7 (Flyball, 7)
|
Pinch Hitting: LHB Ralph Jackson
|
0-0: Ball 1-0: Foul Ball, location: 2F 1-1: Ball 2-1: Ground out 1-3 (Groundball, 15)
|
Top of the 9th over - 0 run(s), 0 hit(s), 0 error(s), 0 left on base; Bismarck 2 - Riverside 2 |
BOTTOM OF THE 9TH |
Riverside Red Bulls batting - Pitching for Bismarck Barons : RHP Domingo León
|
Now at C: Eugenio Maldonado
|
|
Batting: RHB Glenn Broadwater
|
0-0: Ball 1-0: Foul Ball, location: 2F 1-1: Swinging Strike 1-2: Foul Ball, location: 2F 1-2: Fly out, F3 (Popup, 34S)
|
Batting: RHB Brandon Pope
|
0-0: Called Strike 0-1: Foul Ball, location: 2F 0-2: Foul Ball, location: 2F 0-2: Ball 1-2: Fly out, F9 (Flyball, 9S)
|
Batting: SHB Richard Griffin
|
0-0: Foul Ball, location: 2F 0-1: Ball 1-1: Foul Ball, location: 2F 1-2: Ball 2-2: Fly out, F4 (Line Drive, 4M)
|
Bottom of the 9th over - 0 run(s), 0 hit(s), 0 error(s), 0 left on base; Bismarck 2 - Riverside 2 |
TOP OF THE 10TH |
Bismarck Barons batting - Pitching for Riverside Red Bulls : RHP Ricardo López
|
Batting: RHB Juan Castillo
|
0-0: Ball 1-0: Ball 2-0: Foul Ball, location: 2F 2-1: DOUBLE (Groundball, 5L)
|
Batting: LHB Jorge Fernández
|
0-0: Called Strike 0-1: Called Strike 0-2: Ball 1-2: Fly out, F8 (Flyball, 8LM)
|
Batting: SHB José Gonzáles
|
0-0: Intentional Walk
|
Batting: RHB Francisco Fernández
|
0-0: Ball 1-0: Called Strike 1-1: Ball 2-1: SINGLE (Groundball, 34D) Juan Castillo to third José Gonzáles to second Runner from 3rd tries for Home, SAFE, no throw
|
Batting: RHB Felipe Domínguez
|
0-0: Ball 1-0: Ball 2-0: Fly out, F7 (Flyball, 7)
|
Batting: RHB Eric Black
|
0-0: Ball 1-0: Swinging Strike 1-1: Swinging Strike 1-2: Foul Ball, location: 2F 1-2: Foul Ball, location: 2F 1-2: Strikes out swinging
|
Top of the 10th over - 1 run(s), 2 hit(s), 0 error(s), 2 left on base; Bismarck 3 - Riverside 2 |
|